 Dungeon Crawl Stone Soup version 0.19.0-19-g8c6edcc (webtiles) character file.

805 Jannitor the Ruffian (level 7, 0/71 HPs)
             Began as a Troll Chaos Knight on Nov 14, 2016.
             Slain by Pikel
             ... wielding a +2 whip of flaming
              (3 damage)
             ... on level 5 of the Dungeon.
             The game lasted 00:06:18 (2792 turns).

Jannitor the Ruffian (Troll Chaos Knight)           Turns: 2792, Time: 00:06:18

Health: 0/71       AC:  5    Str: 21    XL:     7   Next: 60%
Magic:  5/5        EV: 11    Int:  8    God:    Xom [....*.]
Gold:   228        SH:  0    Dex: 11    Spells: 0 memorised, 6 levels left

rFire  . . .     SeeInvis .       - Unarmed
rCold  + . .     Gourm    +     a - +2 robe
rNeg   . . .     Faith    .     (no shield)
rPois  .         Spirit   .     (helmet restricted)
rElec  .         Reflect  .     i - +1 cloak
rCorr  .         Harm     .     (gloves unavailable)
MR     ++...                    (boots unavailable)
Stlth  +.........               (no amulet)
                                y - ring of protection from magic
                                d - ring of protection from cold

@: confused, corroded
A: unfitting armour, claws 3, fast metabolism 3, gourmand, low mp 1, magic
resistance 1, regeneration 1, screaming 1, shaggy fur 1, tough skin 2
a: Renounce Religion


You were on level 5 of the Dungeon.
You worshipped Xom.
You were a beloved toy of Xom.
You were completely stuffed.

You visited 2 branches of the dungeon, and saw 6 of its levels.

You collected 228 gold pieces.

Inventory:

Armour
 a - a +2 robe (worn)
 i - a +1 cloak (worn)
 C - a +1 robe of magic resistance
Jewellery
 d - a ring of protection from cold (left claw)
 y - a ring of protection from magic (right claw)
Wands
 u - a wand of flame (26/48)
 B - a wand of flame (17/48)
Scrolls
 c - a scroll of enchant weapon {unknown}
 f - 5 scrolls of fear {unknown}
 h - 2 scrolls of enchant armour {unknown}
 j - 5 scrolls of identify {unknown}
 k - a scroll of immolation {unknown}
 o - 3 scrolls of magic mapping {unknown}
 p - 2 scrolls of teleportation {unknown}
 v - a scroll of recharging {unknown}
 w - a scroll of blinking {unknown}
Potions
 l - a potion of curing {unknown}
 m - a potion of magic {unknown}
 n - a potion of brilliance {unknown}
 q - a potion of ambrosia
 r - a potion of lignification {unknown}
 s - a potion of invisibility {unknown}
 A - a potion of might {unknown}
Comestibles
 b - 4 bread rations
 g - 3 meat rations
 t - 2 slices of pizza
 x - a beef jerky
 z - 2 chunks of flesh


   Skills:
 + Level 4.7 Fighting
 + Level 4.4 Dodging
 + Level 5.8 Unarmed Combat


You had 6 spell levels left.
You didn't know any spells.

Dungeon Overview and Level Annotations

Branches:
Dungeon (5/15)             Temple (1/1) D:4

Altars:
Cheibriados
Kikubaaqudgha
Makhleb
Nemelex Xobeh
Okawaru
Qazlal
Sif Muna
Trog
Vehumet
Xom
Yredelemnul

Annotations:
D:5 Pikel


Innate Abilities, Weirdness & Mutations

You are too large for most types of armour.
You have claws for hands.
Your metabolism is lightning-fast.
You like to eat raw meat.
Your natural rate of healing is unusually fast.
You are covered in fur. (AC +1)
You have very tough skin. (AC +2)
Your magical capacity is low. (-10% MP)
You are resistant to hostile enchantments. (MR+)
You occasionally shout uncontrollably at your foes.


Message History

Are you sure you want to stumble around while confused and next to your butterfly?
You're too confused to move!
Pikel hits you with a whip of flaming.
* * * LOW HITPOINT WARNING * * *
Pikel burns you.
* * * LOW HITPOINT WARNING * * *
Unknown command.
Are you sure you want to stumble around while confused and next to your butterfly?
You barely miss Pikel.
Pikel is almost dead.
Pikel hits you with a whip of flaming.
* * * LOW HITPOINT WARNING * * *
Pikel burns you.
* * * LOW HITPOINT WARNING * * *
Unknown command.
Are you sure you want to stumble around while confused and next to your butterfly?
You're too confused to move!
Pikel hits you with a whip of flaming!
* * * LOW HITPOINT WARNING * * *
Pikel burns you.
You die...
Xom giggles madly!

...#.. .........##.# #
K.#.###.........#.##.### #
....##.........#.##....
#.#$..##....>.........###
#.....##...........##.# #
#$##..##..b....##.###.#
.##...%.##..####.##.###.###
#........p##.####.##........
####.###ppK@b..|..##..##.##.
#. #.###.###.........#
#.....# #.# #§###..####
####..# #+# #§§....# #..#
§§§§..... #..# ##..######.
#..# #..# # ##.# #..# #..
...#


You could see Pikel and 3 slaves.

Vanquished Creatures
  Grinder (D:3)
  Duvessa (D:5)
  A slave (D:5)
  An ogre (D:4)
  Dowan (D:5)
  A crimson imp (D:5)
  A quasit (D:5)
  2 orc priests
  Crazy Yiuf (D:3)
  A hound (D:5)
  An iguana (D:5)
  Terence (D:2)
  4 adders
  2 adder zombies
  An adder skeleton (D:4)
  2 dart slugs (D:1)
  7 leopard geckos
  8 orcs
  2 ball pythons
  5 giant cockroaches
  4 goblins
  8 hobgoblins
  7 jackals
  8 kobolds
  A quokka (D:3)
  7 bats
  3 frilled lizards
  A giant cockroach zombie (D:1)
  A leopard gecko skeleton (D:4)
  A leopard gecko zombie (D:5)
  8 rats
93 creatures vanquished.

Notes
Turn   | Place    | Note
-------+----------+-------------------------------------------
     0 | D:1      | Jannitor the Troll Chaos Knight began the quest for the Orb.
     0 | D:1      | Reached XP level 1. HP: 22/22 MP: 0/0
   106 | D:1      | Reached XP level 2. HP: 29/29 MP: 1/1
   459 | D:1      | Reached XP level 3. HP: 36/36 MP: 2/2
   614 | D:2      | Noticed Terence
   622 | D:2      | Killed Terence
   701 | D:2      | Reached XP level 4. HP: 45/45 MP: 3/3
  1153 | D:2      | XOM: divination: detect items
  1393 | D:2      | Reached skill level 4 in Unarmed Combat
  1469 | D:3      | Noticed Grinder
  1485 | D:3      | XOM: potion effect (might)
  1486 | D:3      | Killed Grinder
  1486 | D:3      | Reached XP level 5. HP: 38/54 MP: 4/4
  1486 | D:3      | Reached XP level 6. HP: 43/62 MP: 5/5
  1587 | D:3      | XOM: divination: detect items
  1799 | D:3      | Found a runed door.
  1803 | D:3      | Noticed Crazy Yiuf
  1804 | D:3      | Gained mutation: You occasionally shout uncontrollably at your foes. [potion of mutation]
  1804 | D:3      | Gained mutation: You are resistant to hostile enchantments. (MR+) [potion of mutation]
  1804 | D:3      | Gained mutation: Your magical capacity is low. (-10% MP) [potion of mutation]
  1811 | D:3      | Killed Crazy Yiuf
  2012 | D:4      | Found a staircase to the Ecumenical Temple.
  2022 | Temple   | Entered the Ecumenical Temple
  2278 | D:4      | Reached skill level 5 in Unarmed Combat
  2553 | D:5      | Entered Level 5 of the Dungeon
  2554 | D:5      | Noticed Dowan
  2556 | D:5      | Noticed Duvessa
  2556 | D:5      | XOM: potion effect (might)
  2573 | D:5      | Killed Duvessa
  2573 | D:5      | Reached XP level 7. HP: 71/71 MP: 5/5
  2582 | D:5      | Killed Dowan
  2626 | D:5      | XOM: mild Pois miscast
  2630 | D:5      | XOM: 2-stop teleportation journey
  2730 | D:5      | XOM: fog
  2764 | D:5      | Noticed Pikel
  2789 | D:5      | XOM: butterfly on damage
  2792 | D:5      | HP: 3/71 [Pikel/whip of flaming (10)]
  2792 | D:5      | Slain by Pikel

Skill      XL: |  1  2  3  4  5  6 |
---------------+-------------------+-----
Dodging        | 2 3 4 |  4.4
Fighting       | 3 4 |  4.7
Unarmed Combat | 4 5 |  5.8

Action                   |  1- 3 |  4- 6 |  7- 9 || total
-------------------------+-------+-------+-------++-------
Melee: Unarmed           |    62 |   136 |    71 ||   269
       Punch             |       |     5 |     1 ||     6
  Use: Potion            |       |     1 |     2 ||     3
 Stab: Sleeping          |       |     1 |       ||     1
  Eat: Chunk             |    12 |    16 |     3 ||    31
Armor: Robe              |    20 |    54 |    20 ||    94
Dodge: Dodged            |    27 |    81 |    41 ||   149
